 Dungeon Crawl Stone Soup version 0.29.1-15-g9cfb28693d (console) character file.

Game seed: 1370899573396593677

4286 om the Cleaver (level 10, -2/88 HPs)
             Began as a Minotaur Fighter on Apr 27, 2023.
             Was a Follower of Okawaru.
             Slain by an orc priest
             ... wielding a +0 morningstar
              (5 damage)
             ... on level 9 of the Dungeon.
             The game lasted 00:23:35 (9671 turns).

om the Cleaver (Minotaur Fighter)                   Turns: 9671, Time: 00:23:36

Health: -2/88      AC: 15    Str: 24    XL:     10   Next: 10%
Magic:  10/10      EV:  9    Int:  5    God:    Okawaru [*.....]
Gold:   580        SH:  5    Dex: 11    Spells: 9/9 levels left

rFire   . . .      SeeInvis .   a - +1 war axe
rCold   . . .      Faith    .   c - +0 buckler
rNeg    . . .      Spirit   .   p - +0 chain mail
rPois   +          Reflect  .   (helmet restricted)
rElec   .          Harm     .   u - +1 cloak {rPois}
rCorr   .          Rampage  .   (no gloves)
Will    .....                   o - +0 pair of boots
Stlth   ..........              (no amulet)
HPRegen 0.24/turn               l - ring of poison resistance
MPRegen 0.12/turn               (no ring)

@: no status effects
A: horns 2, retaliatory headbutt
a: Renounce Religion, Heroism


You were on level 9 of the Dungeon.
You worshipped Okawaru.
Okawaru was aware of your devotion.
You visited 2 branches of the dungeon, and saw 10 of its levels.

You collected 580 gold pieces.

Inventory:

Hand Weapons
 a - a +1 war axe (weapon)
Missiles
 d - 3 throwing nets
 e - 2 curare-tipped darts (quivered)
Armour
 c - a +0 buckler (worn)
 o - a +0 pair of boots (worn)
 p - a +0 chain mail (worn)
 u - a +1 cloak of poison resistance (worn)
Jewellery
 l - a ring of poison resistance (left hand)
Wands
 f - a wand of iceblast (12)
 g - a wand of light (13)
 s - a wand of flame (31)
Scrolls
 b - a scroll of fear
 j - 3 scrolls of enchant weapon
 m - a scroll of silence
 r - 3 scrolls of identify
Potions
 h - 2 potions of cancellation {!q}
 i - 3 potions of brilliance
 k - a potion of lignification
 n - a potion of curing
 q - a potion of resistance
 t - a potion of haste {unknown}


   Skills:
 + Level 7.6 Fighting
 * Level 10.9 Axes
 + Level 10.4 Armour
 + Level 4.2 Dodging
 - Level 5.0 Shields
 * Level 2.3 Invocations
 + Level 2.0 Evocations


You had 9 spell levels left.
You didn't know any spells.
Your spell library contained the following spells:

 Spells                   Type           Power      Damage    Failure   Level
 Apportation              Tloc           0%         N/A       98%         1
 Magic Dart               Conj           0%         1d3       98%         1
 Searing Ray              Conj           0%         2d4       99%         2
 Ignite Poison            Fire/Tmut/Pois 0%         N/A       100%        3
 Mephitic Cloud           Conj/Pois/Air  0%         N/A       100%        3
 Fulminant Prism          Conj/Hex       0%         3d6       100%        4
 Alistair's Intoxication  Tmut/Pois      0%         N/A       100%        5
 Freezing Cloud           Conj/Ice/Air   0%         6-21      100%        5


Dungeon Overview and Level Annotations

Branches:
Dungeon (9/15)             Temple (1/1) D:7             Orc (0/2) D:9
   Lair: D:8-11

Altars:
Ashenzari
Cheibriados
Dithmenos
Elyvilon
Fedhas
Gozag
Hepliaklqana
Kikubaaqudgha
Makhleb
Nemelex Xobeh
Okawaru
Qazlal
Ru
Sif Muna
Trog
Uskayaw
Vehumet
Xom
Yredelemnul
Zin
The Shining One


Innate Abilities, Weirdness & Mutations

You have a pair of horns on your head.
You reflexively headbutt those who attack you in melee.


Message History

You hit the orc warrior.
The orc warrior is heavily wounded.
You block the orc warrior's attack.
The orc warrior hits you with a +0 mace!
You closely miss the orc warrior. You headbutt the orc warrior.
The orc warrior is severely wounded.
The orc warrior hits you with a +0 mace!
The orc warrior hits you from afar with a +2 glaive of protection.
You barely miss the orc warrior. You headbutt the orc warrior.
The orc warrior is severely wounded.
The orc warrior hits you from afar with a +2 glaive of protection!
The orc warrior hits you with a +0 mace.
The orc wizard hits you with a +0 dagger.
You block the orc warrior's attack.
The orc priest hits you but does no damage.
There is an open door, spattered with blood here.
Items here: )) [ ††.
Okay, then.
Okay, then.
The orc warrior barely misses you.
The orc warrior hits you from afar with a +2 glaive of protection!
* * * LOW HITPOINT WARNING * * *
As you read the scroll of fear, it crumbles to dust.
You assume a fearsome visage.
The orc warrior looks frightened! x2
The orc wizard looks frightened!
The orc priest looks frightened!
The orc looks frightened!
The orc wizard mumbles some strange words.
The orc wizard flickers and vanishes!
Deactivating autopickup; reactivate with Ctrl-A.
You see here a +0 club.
The orc priest mumbles some strange prayers to Beogh against you.
Beogh smites you!
* * * LOW HITPOINT WARNING * * *
You completely miss the orc priest.
The orc priest hits you with a +0 morningstar.
* * * LOW HITPOINT WARNING * * *
You hit the orc priest.
The orc priest is heavily wounded.
The orc priest hits you with a +0 morningstar.
You die...

###.......
#######
#.'.....>#
#<....#
#.#....###
##.....# #.#....#
+......# #.######
# ########...#
#.# #
#.....#8...# #.#
#
#....o#.)..####.#
#
#.._.oo@.>...##.#
#
#o{...#....+....#
#
#oo...#8...######
# ########...# #
#....# # #...o#
####### #....#
#.....#
########.####
#.###.#
#........# #.#
#.#


You could see 2 orc warriors, 2 orc priests and 3 orcs.

Vanquished Creatures
  Pikel (D:8)
  Joseph (D:7)
  Maurice (D:8)
  A troll (D:8)
  A steam dragon (D:8)
  2 water moccasins (D:6)
  3 orc warriors
  2 ice beasts
  3 black bears
  A sky beast (D:7)
  An ogre (D:5)
  A lemure (D:8)
  4 bullfrogs
  3 gnoll sergeants
  6 scorpions
  4 killer bees (D:8)
  A howler monkey (D:6)
  2 jellies (D:6)
  5 hounds
  2 gnoll boudas
  2 orc priests
  5 iguanas
  3 orc wizards
  18 gnolls
  3 adders
  5 white imps
  2 worms (D:2)
  2 dart slugs
  18 orcs
  10 ball pythons
  6 bats
  7 endoplasms
  3 giant cockroaches
  13 goblins
  6 hobgoblins
  5 jackals
  2 quokkas
  2 frilled lizards
  7 kobolds
  8 rats
172 creatures vanquished.

Notes
Turn   | Place    | Note
-------+----------+-------------------------------------------
     0 | D:1      | om the Minotaur Fighter began the quest for the Orb.
     0 | D:1      | Reached XP level 1. HP: 19/19 MP: 0/0
   187 | D:1      | Reached XP level 2. HP: 27/27 MP: 1/1
   585 | D:1      | Found a faded altar of an unknown god.
   757 | D:1      | Reached skill level 1 in Dodging
   891 | D:1      | Reached XP level 3. HP: 33/33 MP: 2/2
  1532 | D:3      | Reached XP level 4. HP: 31/40 MP: 3/3
  2267 | D:4      | Reached XP level 5. HP: 29/46 MP: 4/4
  2824 | D:4      | Reached skill level 5 in Axes
  3324 | D:5      | Entered Level 5 of the Dungeon
  3343 | D:5      | Noticed a black bear
  3354 | D:5      | Killed a black bear
  3355 | D:5      | Reached XP level 6. HP: 52/52 MP: 5/5
  3386 | D:5      | Reached skill level 5 in Armour
  3386 | D:5      | Reached skill level 5 in Shields
  3658 | D:5      | Reached XP level 7. HP: 60/60 MP: 6/6
  3704 | D:5      | Found a blossoming altar of Fedhas.
  4094 | D:5      | Reached skill level 5 in Fighting
  4284 | D:6      | Found a glowing golden altar of the Shining One.
  4785 | D:6      | Reached XP level 8. HP: 61/70 MP: 7/7
  5875 | D:7      | Reached skill level 10 in Axes
  5963 | D:7      | Noticed Joseph
  5974 | D:7      | Killed Joseph
  5975 | D:7      | Reached XP level 9. HP: 29/78 MP: 8/8
  6733 | D:7      | Identified the +0 leather armour "Laidoiboi" {Dex+6}
  6931 | D:7      | Found a staircase to the Ecumenical Temple.
  6943 | Temple   | Entered the Ecumenical Temple
  7013 | Temple   | Became a worshipper of Warmaster Okawaru
  7194 | D:8      | Noticed Pikel
  7213 | D:8      | Killed Pikel
  7214 | D:8      | Reached skill level 10 in Armour
  7306 | D:8      | Noticed a troll
  7314 | D:8      | Killed a troll
  7314 | D:8      | Reached * piety under Okawaru
  7315 | D:8      | Reached skill level 1 in Evocations
  7484 | D:8      | Found a stormy altar of Qazlal.
  7855 | D:8      | Reached skill level 1 in Invocations
  8504 | D:8      | Noticed Maurice
  8525 | D:8      | Killed Maurice
  8526 | D:8      | Reached XP level 10. HP: 73/86 MP: 7/10
  9342 | D:9      | Found a staircase to the Orcish Mines.
  9670 | D:9      | HP: 2/88 [orc priest/+0 morningstar (6)]
  9671 | D:9      | Slain by an orc priest

Illustrated notes

Levels and vault maps discovered:
D:1:      lemuel_arrival_cross, layout_basic, shapermc_ecumenical_altar_venn
D:2:      layout_rooms
D:3:      layout_basic
D:4:      layout_loops_ring
D:5:      layout_basic, lemuel_round_altar, item_on_display_a
D:6:      layout_cave_pods, tso_metal_star
D:7:      layout_basic, temple_green, uniq_joseph
D:8:      layout_layer_cave, nicolae_qazlal_general_emergency, uniq_maurice,
          uniq_pikel
D:9:      layout_basic, nicolae_wu_jian_immortal_techniques,
          grunt_lair_entry_orc_guard_hut, minmay_orc_entry_temple_small
Temple:   dpeg_three_leaves_temple

Skill      XL: |  1  2  3  4  5  6  7  8  9 10 |
---------------+-------------------------------+-----
Fighting       | 4 6 7 |  7.6
Axes           | 3 4 5 6 10 | 10.9
Dodging        | 1 2 3 4 |  4.2
Armour         | 4 5 7 8 10 | 10.4
Shields        | 4 5 |  5.0
Evocations     | 1 2 |  2.0
Invocations    | 1 2 |  2.3

Action                   |  1- 3 |  4- 6 |  7- 9 | 10-12 || total
-------------------------+-------+-------+-------+-------++-------
Melee: War axe           |    98 |    78 |   203 |    37 ||   416
       Headbutt          |     6 |    12 |    28 |     8 ||    54
Throw: Dart              |       |     2 |     1 |       ||     3
Invok: Heroism           |       |       |     1 |     1 ||     2
  Use: Scroll            |     5 |     9 |     3 |     4 ||    21
       Potion            |       |     1 |     5 |       ||     6
Armor: Scale mail        |    39 |    33 |       |       ||    72
       Chain mail        |       |       |   113 |    15 ||   128
Dodge: Dodged            |    53 |    49 |    82 |    11 ||   195
Block: Buckler           |    17 |    21 |    66 |    12 ||   116
